 Dungeon Crawl Stone Soup version 0.29-a0-410-g9596d59a08 (webtiles) character file.

Game seed: 1792315870350630354

2 Ge0ff the Skirmisher (level 1, -1/14 HPs)
             Began as a Gargoyle Monk on May 14, 2022.
             Was a Believer of Vehumet.
             Frozen to death by an endoplasm (3 damage)
             ... on level 1 of the Dungeon.
             The game lasted 00:00:21 (75 turns).

Ge0ff the Skirmisher (Gargoyle Monk)                  Turns: 75, Time: 00:00:22

Health: -1/14      AC:  4    Str: 14    XL:     1   Next: 40%
Magic:  1/1        EV: 12    Int: 10    God:    Vehumet [**....]
Gold:   11         SH:  0    Dex: 12    Spells: 0/0 levels left

rFire   . . .      SeeInvis .   a - +0 mace
rCold   . . .      Faith    .   (no shield)
rNeg    + . .      Spirit   .   b - +0 robe
rPois   ∞          Reflect  .   (no helmet)
rElec   +          Harm     .   (no cloak)
rCorr   .          Rampage  .   (no gloves)
Will    .....                   (no boots)
Stlth   ++........              (no amulet)
HPRegen 0.04/turn               (no ring)
MPRegen 0.07/turn               (no ring)

@: no status effects
A: sickness immunity, AC +2, negative energy resistance 1, electricity
resistance, torment resistance 1, petrification resistance
a: Renounce Religion


You were on level 1 of the Dungeon.
You worshipped Vehumet.
Vehumet was pleased with you.
You visited 1 branch of the dungeon, and saw 1 of its levels.

You collected 11 gold pieces.

Inventory:

Hand Weapons
 a - a +0 mace (weapon)
Armour
 b - a +0 robe (worn)
Potions
 o - a potion of ambrosia


   Skills:
 - Level 3.2 Fighting
 + Level 3.2 Maces & Flails
 - Level 2.4 Dodging
 - Level 2.1 Stealth


You couldn't memorise any spells.
You didn't know any spells.
Your spell library was empty.

Dungeon Overview and Level Annotations

Branches:
Dungeon (1/15)

Altars:
Vehumet


Innate Abilities, Weirdness & Mutations

You are immune to sickness and miasma.
Your stone body is resilient. (AC +2)
You are immune to poison.
You resist negative energy. (rN+)
You are resistant to electric shocks. (rElec)
You are resistant to unholy torment.
You are immune to petrification.


Message History

You can now gain magical power from killing.
Vehumet offers you knowledge of Magic Dart.
Found a scroll labelled GUQUAXTOKH.
A dart slug comes into view.
A hobgoblin comes into view.
The hobgoblin shouts!
A bat comes into view.
The endoplasm quivers.
You hit the dart slug.
The dart slug is moderately wounded.
The bat completely misses you. The endoplasm completely misses you.
You hit the dart slug.
The dart slug is heavily wounded.
The bat barely misses you. x2
The dart slug bites you but does no damage.
The hobgoblin hits you but does no damage.
The endoplasm freezes you.
You are frozen.
You hit the dart slug.
The dart slug is heavily wounded.
The bat hits you but does no damage. x2
The dart slug bites you but does no damage.
The endoplasm hits you but does no damage.
The hobgoblin closely misses you.
You hit the dart slug.
The dart slug is severely wounded.
The bat hits you but does no damage. The bat closely misses you.
The endoplasm hits you but does no damage.
The hobgoblin hits you but does no damage.
The bat barely misses you. The dart slug launches a dart at you.
The slug dart misses you.
The slug dart hits the bat.
The bat dies!
The endoplasm hits you. The hobgoblin closely misses you.
The dart slug launches a dart at you.
The slug dart hits you but does no damage.
The hobgoblin hits you but does no damage.
The endoplasm hits you but does no damage.
The dart slug barely misses you.
The hobgoblin hits you but does no damage.
The endoplasm barely misses you. The endoplasm freezes you.
You are frozen.
The hobgoblin closely misses you. The dart slug completely misses you.
The endoplasm hits you but does no damage.
The hobgoblin hits you. The dart slug bites you.
* * * LOW HITPOINT WARNING * * *
The endoplasm freezes you.
You are frozen.
You die...

####. ... ....####
.#....#...#..## #
......#........ .#
........?....##..## .
................. .. #
.........J....#
...#.##.##..†@w....#
.....#...#....g.#..#
......._......###
.....#)..#........
.#.#.##†##....####
#..........#
#.##.....#..##
............#
............###########


You could see a dart slug, an endoplasm and a hobgoblin.

Vanquished Creatures
  2 quokkas (D:1)
2 creatures vanquished.

Vanquished Creatures (others)
  A bat (D:1)
1 creature vanquished.

Grand Total: 3 creatures vanquished

Notes
Turn   | Place    | Note
-------+----------+-------------------------------------------
     0 | D:1      | Ge0ff the Gargoyle Monk began the quest for the Orb.
     0 | D:1      | Reached XP level 1. HP: 14/14 MP: 1/1
    47 | D:1      | Found a faded altar of an unknown god.
    59 | D:1      | Prayed at the altar of an unknown god.
    59 | D:1      | Became a worshipper of Vehumet
    59 | D:1      | Reached * piety under Vehumet
    59 | D:1      | Offered knowledge of Magic Dart by Vehumet.
    59 | D:1      | Reached ** piety under Vehumet
    75 | D:1      | Frozen to death by an endoplasm

Illustrated notes

Levels and vault maps discovered:
D:1:      enne_arrival_octagon_isle, layout_basic, ebering_ecumenical_altar_box,
          minmay_vboxes

Action                   || total
-------------------------++-------
Melee: Mace              ||     8
Armor: Robe              ||    14
Dodge: Dodged            ||    17

Table legend: (Time is in decaauts)
 A = Elapsed time spent in this place.
 B = Non-inter-level travel time spent in this place.
 C = Inter-level travel time spent in this place.
 D = Time resting spent in this place.
 E = Time spent auto-exploring this place.
 F = Levels seen in this place.
 G = Mean time per level.
                   A        B        C        D        E       F      G
               +--------+--------+--------+--------+--------+-----+--------+
         Total |     76 |     76 |      0 |      0 |     34 |   1 |   76.0 |
       Dungeon |     76 |     76 |      0 |      0 |     34 |   1 |   76.0 |
               +--------+--------+--------+--------+--------+-----+--------+

Top non-repeatable levels by time:
     D:1: 76 daAuts
